 Dungeon Crawl Stone Soup version 0.31.0-11-ge490571c62 (webtiles) character file.

Game seed: 2803963419472562333

5868 jasper the Covert (level 10, -1/73 (88) HPs)
             Began as an Armataur Enchanter on Jan 28, 2024.
             Slain by an orc warrior
             ... wielding a +0 halberd
              (8 damage)
             ... on level 9 of the Dungeon.
             The game lasted 00:22:40 (10156 turns).

jasper the Covert (Armataur Enchanter)             Turns: 10156, Time: 00:22:41

HP:   -1/73 (88)    AC:  8    Str: 13    XL:     10   Next: 52%
MP:   12/12         EV: 11    Int: 20    God:
Gold: 347           SH:  0    Dex: 11    Spells: 4/12 levels left

rFire   + . .        g - +3 dagger (venom)
rCold   + . .        (no shield)
rNeg    . . .        f - +0 robe {rC+}
rPois   +            C - +2 hat {Will+}
rElec   .            y - +0 cloak
rCorr   .            e - +0 pair of gloves
SInv    .            (no barding)
Will    +....        (no amulet)
Stlth   +++++        G - ring of poison resistance
HPRegen 0.32/turn    r - ring of protection from fire
MPRegen 0.13/turn

%: roll
@: heavily drained
A: large, deformed body, tough skin 3, armoured tail, roll 2
a: no special abilities


You were on level 9 of the Dungeon.
You visited 2 branches of the dungeon, and saw 10 of its levels.

You collected 1280 gold pieces.
You spent 933 gold pieces at shops.

Inventory:

Hand Weapons
 a - a +1 dagger
 g - a +3 dagger of venom (weapon)
 n - a +3 long sword of holy wrath
 s - the +6 short sword of a treasure trove {heavy, *Noise rN++ Dex+4}
   (You found it on level 4 of the Dungeon)

   Dex+4:     It affects your dexterity (+4).
   rN++:      It greatly protects you from negative energy.
   *Noise:    It may make a loud noise when swung.
 H - a +3 great sword
Missiles
 h - 97 stones
 q - 47 poisoned darts
Armour
 e - a +0 pair of gloves (worn)
 f - a +0 robe of cold resistance (worn)
 y - a +0 cloak (worn)
 C - a +2 hat of willpower (worn)
Magical Staves
 m - a staff of earth
Jewellery
 c - a +5 ring of evasion
 o - a +6 ring of strength
 r - a ring of protection from fire (right hand)
 w - a ring of wizardry
 D - an amulet of guardian spirit
 G - a ring of poison resistance (left hand)
Wands
 x - a wand of flame (19)
Scrolls
 d - 3 scrolls of enchant weapon
 t - 3 scrolls of blinking
 u - 2 scrolls of poison
 v - 6 scrolls of teleportation
 F - a scroll of immolation
 I - a scroll of vulnerability
Potions
 b - a potion of degeneration
 i - 3 potions of haste
 j - 2 potions of might
 l - 2 potions of enlightenment
 p - 2 potions of mutation
 z - 2 potions of cancellation
 A - a potion of attraction
 B - 2 potions of curing
 E - a potion of lignification
 J - a potion of heal wounds {unknown}


   Skills:
 + Level 7.9 Fighting
 - Level 0.8 Short Blades
 + Level 6.4 Dodging
 - Level 12.0 Stealth
 - Level 1.7 Spellcasting
 - Level 4.0 Hexes
 - Level 2.0 Ice Magic


You had 4 spell levels left.
You knew the following spells:

 Your Spells              Type           Power      Damage    Failure   Level
a - Ensorcelled Hibernat  Hex/Ice        26%        N/A       7%          2
b - Confusing Touch       Hex            17%        N/A       10%         3
d - Tukima's Dance        Hex            17%        N/A       10%         3

Your spell library contained the following spells:

 Spells                   Type           Power      Damage    Failure   Level
 Summon Small Mammal      Summ           4%         N/A       16%         1
 Dazzling Flash           Conj/Hex       18%        N/A       22%         3
 Call Imp                 Summ           2%         N/A       24%         2
 Sublimation of Blood     Necr           1%         N/A       24%         2
 Call Canine Familiar     Summ           1%         N/A       43%         3
 Passwall                 Erth           1%         N/A       43%         3
 Swiftness                Air            1%         N/A       43%         3
 Summon Blazeheart Golem  Fire/Summ      1%         N/A       85%         4
 Summon Hydra             Summ           0%         N/A       100%        7


Dungeon Overview and Level Annotations

Branches:
Dungeon (9/15)             Temple (1/1) D:6             Orc (0/2) D:9
   Lair: D:8-11

Altars:
Ashenzari
Dithmenos
Elyvilon
Fedhas
Gozag
Hepliaklqana
Kikubaaqudgha
Makhleb
Nemelex Xobeh
Okawaru
Qazlal
Ru
Sif Muna
Trog
Uskayaw
Vehumet
Wu Jian
Xom
Yredelemnul
The Shining One

Shops:
D:2 (((!:   D:6 ?


Innate Abilities, Weirdness & Mutations

Armour fits poorly on your strangely shaped body.
You have extremely tough skin. (AC +3)
You have a long armoured tail.
You regenerate magic and health when rolling toward enemies. (Rampage Regen)


Message History

The orc warrior is moderately wounded.
The orc warrior closely misses you.
You hit the orc warrior but do no damage.
The orc warrior is moderately wounded.
The orc warrior barely misses you.
You completely miss the orc warrior.
You tail-slap the orc warrior, but do no damage.
The orc warrior is moderately wounded.
The orc warrior looks more healthy.
The orc warrior hits you with a +0 halberd!
You hit the orc warrior but do no damage.
You tail-slap the orc warrior, but do no damage.
The orc warrior is moderately wounded.
The orc warrior hits you with a +0 halberd.
You hit the orc warrior.
You tail-slap the orc warrior, but do no damage.
The orc warrior is heavily wounded.
The orc warrior hits you with a +0 halberd!
You barely miss the orc warrior.
The orc warrior is heavily wounded.
The orc warrior hits you with a +0 halberd.
You hit the orc warrior.
The orc warrior is poisoned.
The orc warrior is heavily wounded.
The orc warrior hits you with a +0 halberd!
* * * LOW HITPOINT WARNING * * *
You hit the orc warrior but do no damage.
You tail-slap the orc warrior.
The orc warrior is severely wounded.
The orc warrior hits you but does no damage.
You closely miss the orc warrior.
The orc warrior is severely wounded.
The orc warrior hits you with a +0 halberd!
* * * LOW HITPOINT WARNING * * *
You hit the orc warrior but do no damage.
The orc warrior is severely wounded.
The orc warrior misses you.
You hit the orc warrior.
Your tail-slap misses the orc warrior.
The orc warrior is almost dead.
The orc warrior hits you with a +0 halberd!
You die...

#.......# #......^#
# #.......###.. ###
#............
...#####............
....................
...................
...........@o......
##............... #
#............... #
#...######...... #
#..[# ...... # #...#
...... # #...#
...... # #...#
...... #
#...######.....


You could see an orc warrior (very poisoned).

Vanquished Creatures
  A two-headed ogre (D:5)
  Pikel (D:5)
  A manticore (D:9)
  A spriggan (D:9)
  A wyvern (D:8)
  Edmund (D:4)
  2 water moccasins
  4 orc warriors
  A black bear (D:4)
  An ogre (D:5)
  2 centaurs
  3 kobold brigands
  2 phantoms (D:6)
  A bullfrog (D:7)
  3 scorpions
  14 wights
  12 killer bees
  A howler monkey (D:5)
  4 bombardier beetles
  3 hounds
  A jelly (D:5)
  Crazy Yiuf (D:4)
  9 orc priests
  A gnoll bouda (D:8)
  4 iguanas
  9 orc wizards
  A sleepcap (D:7)
  9 adders
  9 gnolls
  A howler monkey simulacrum (D:9)
  4 white imps
  A ribbon worm (D:3)
  4 dart slugs
  30 orcs
  7 endoplasms
  4 giant cockroaches
  2 goblins
  3 hobgoblins
  6 jackals
  30 kobolds
  8 quokkas
  11 ball pythons
  3 bats (D:3)
  3 frilled lizards
  6 rats
226 creatures vanquished.

Vanquished Creatures (others)
  A dart slug (D:5)
1 creature vanquished.

Grand Total: 227 creatures vanquished

Notes
Turn   | Place    | Note
-------+----------+-------------------------------------------
     0 | D:1      | jasper the Armataur Enchanter began the quest for the Orb.
     0 | D:1      | Reached XP level 1. HP: 14/14 MP: 3/3
   106 | D:1      | Reached skill level 4 in Stealth
   198 | D:1      | Reached XP level 2. HP: 20/20 MP: 4/4
   201 | D:1      | Learned a level 2 spell: Ensorcelled Hibernation
   638 | D:1      | Reached XP level 3. HP: 26/26 MP: 5/5
   642 | D:1      | Learned a level 3 spell: Confusing Touch
   655 | D:1      | Reached skill level 5 in Stealth
   976 | D:1      | Identified a scroll of acquirement
   976 | D:1      | Acquired 735 gold pieces
  1092 | D:2      | Found Futiz's Distillery.
  1117 | D:2      | Bought a potion of curing for 39 gold pieces
  1117 | D:2      | Bought a potion of haste for 130 gold pieces
  1117 | D:2      | Bought a potion of might for 52 gold pieces
  1117 | D:2      | Bought a potion of berserk rage for 65 gold pieces
  1117 | D:2      | Bought a potion of enlightenment for 65 gold pieces
  1117 | D:2      | Bought a potion of might for 52 gold pieces
  1117 | D:2      | Bought a potion of curing for 39 gold pieces
  1117 | D:2      | Bought a potion of haste for 130 gold pieces
  1134 | D:2      | Found a faded altar of an unknown god.
  1158 | D:2      | Found Juuthema's Antique Weapon Emporium.
  1265 | D:2      | Bought a glowing long sword for 169 gold pieces
  1436 | D:2      | Found Jisy's Book Boutique.
  1540 | D:2      | Found Tecafuh's Antique Weapon Emporium.
  1550 | D:2      | Reached XP level 4. HP: 30/33 MP: 6/6
  1665 | D:2      | Found Wodimiw's Weapon Shoppe.
  1690 | D:2      | Reached skill level 6 in Stealth
  2044 | D:3      | Identified the +0 chain mail of Restlessness {rElec rF-
                  | Regen+ Int+4}
  2339 | D:3      | Found a burning altar of Makhleb.
  2633 | D:4      | Found a shimmering altar of Xom.
  2646 | D:4      | Identified the +6 short sword of a treasure trove {heavy,
                  | *Noise rN++ Dex+4}
  2673 | D:4      | Reached skill level 7 in Stealth
  2673 | D:4      | Reached XP level 5. HP: 38/38 MP: 7/7
  2796 | D:4      | Reached skill level 1 in Ice Magic
  2835 | D:4      | Found a broken altar of Ashenzari.
  3043 | D:4      | Found a shadowy altar of Dithmenos.
  3120 | D:4      | Noticed a black bear
  3123 | D:4      | Killed a black bear
  3124 | D:4      | Reached XP level 6. HP: 45/45 MP: 8/8
  3194 | D:4      | Noticed Edmund
  3218 | D:4      | Killed Edmund
  3219 | D:4      | Reached skill level 1 in Fighting
  3776 | D:4      | Found a runed translucent door.
  3777 | D:4      | Noticed Crazy Yiuf
  3986 | D:4      | Killed Crazy Yiuf
  4057 | D:5      | Entered Level 5 of the Dungeon
  4242 | D:5      | Learned a level 3 spell: Call Canine Familiar
  4256 | D:5      | Gained mutation: You regenerate magic and health when
                  | rolling toward enemies. (Rampage Regen) [Armataur growth]
  4256 | D:5      | Reached XP level 7. HP: 53/55 MP: 7/9
  4321 | D:5      | Noticed a two-headed ogre
  4331 | D:5      | HP: 2/56 [two-headed ogre/+0 giant club (14)]
  4333 | D:5      | Killed a two-headed ogre
  4334 | D:5      | Reached skill level 8 in Stealth
  4334 | D:5      | Reached XP level 8. HP: 9/66 MP: 3/10
  4568 | D:5      | Reached skill level 9 in Stealth
  4594 | D:5      | Noticed Pikel
  4609 | D:5      | Killed Pikel
  4610 | D:5      | Reached skill level 5 in Fighting
  4784 | D:5      | Found a hide-covered altar of Uskayaw.
  4855 | D:5      | Found a sacrificial altar of Ru.
  4897 | D:5      | Found an ancient bone altar of Kikubaaqudgha.
  4931 | D:5      | Reached XP level 9. HP: 74/74 MP: 11/11
  5045 | D:5      | Found a sparkling altar of Nemelex Xobeh.
  5398 | D:6      | Reached skill level 10 in Stealth
  5603 | D:6      | Found Vidyuse's Magic Scroll Shop.
  5610 | D:6      | Bought a scroll of teleportation for 33 gold pieces
  5610 | D:6      | Bought a scroll of blinking for 82 gold pieces
  5610 | D:6      | Bought a scroll of teleportation for 33 gold pieces
  5610 | D:6      | Bought a scroll of poison for 44 gold pieces
  5624 | D:6      | Found a radiant altar of Vehumet.
  5827 | D:6      | Found an ornate altar of the Wu Jian Council.
  5854 | D:6      | Reached skill level 5 in Dodging
  6085 | D:6      | Found a staircase to the Ecumenical Temple.
  6097 | Temple   | Entered the Ecumenical Temple
  6586 | D:7      | HP: 2/78 [poisoned by a gnoll]
  7422 | D:7      | Reached skill level 11 in Stealth
  7617 | D:7      | Found an opulent altar of Gozag.
  7709 | D:7      | Found a blossoming altar of Fedhas.
  8423 | D:8      | Reached XP level 10. HP: 34/84 MP: 12/12
  8942 | D:8      | Found a hazy altar of Hepliaklqana.
  9337 | D:8      | Learned a level 3 spell: Tukima's Dance
  9372 | D:9      | Found a staircase to the Orcish Mines.
  9417 | D:9      | Noticed a manticore
  9453 | D:9      | Killed a manticore
  9855 | D:9      | Reached skill level 12 in Stealth
  9867 | D:9      | HP: 5/112 [wight/+3 war axe (10)]
 10156 | D:9      | Slain by an orc warrior

Illustrated notes

Levels and vault maps discovered:
D:1:      dpeg_arrival_arbitrary_a, layout_basic
D:2:      layout_basic, ebering_ecumenical_altar_petrified, serial_shops, shop,
          nicolae_shop_bloodbath_and_beyond, nicolae_shop_just_a_little_nook,
          nicolae_shop_overgrown_old_shop, shop, minmay_octomino_j4
D:3:      layout_loops_ring, lightli_temple_of_fire, minmay_checkerbox
D:4:      layout_layer_cave, kennysheep_mini, kennysheep_little_box,
          mainiacjoe_overflow_tiny_flanked, uniq_crazy_yiuf_cottage, uniq_edmund
D:5:      cheibrodos_barr_body, layout_loops_ring,
          nicolae_ru_sacrificial_ziggurat, mainiacjoe_overflow_cross_hatched,
          nicolae_kikubaaqudgha_miasma_corner, nicolae_uskayaw_dance_hall,
          uniq_pikel
D:6:      layout_loops_corners, amcnicky_altar_gilded,
          pdpol_wu_jian_five_deadly_venoms, minmay_temple_entry_slanted,
          serial_shops, shop
D:7:      layout_layer_cave, nicolae_gozag_seed_capital,
          overflow_temple_1_default
D:8:      layout_rooms, mainiacjoe_overflow_paths
D:9:      kennysheep_big_flooded_room, layout_irregular_city,
          mainiacjoe_overflow_alcove_4, orc_0_dummy, serial_glass,
          glass_columns_b, glass_columns_c, the_hattery
Temple:   hellmonk_temple_beads

Skill      XL: |  1  2  3  4  5  6  7  8  9 10 |
---------------+-------------------------------+-----
Stealth        | 4 5 7 8 9 11 12 | 12.0
Hexes          | 3 4 |  4.0
Ice Magic      | 2 |  2.0
Fighting       | 2 4 5 6 7 |  7.9
Dodging        | 3 4 5 6 |  6.4
Short Blades   | |  0.8
Spellcasting   | |  1.7

Action                     |  1- 3 |  4- 6 |  7- 9 | 10-12 || total
---------------------------+-------+-------+-------+-------++-------
  Melee: Dagger            |   103 |   126 |   236 |   166 ||   631
         Tailslap          |    10 |    15 |    38 |    35 ||    98
         Punch             |     1 |     1 |     5 |     3 ||    10
         Long sword        |       |       |    21 |    40 ||    61
   Cast: Ensorcelled Hiber |     5 |    11 |    18 |       ||    34
    Use: Scroll            |     2 |     5 |     3 |     3 ||    13
         Potion            |       |       |     6 |     2 ||     8
   Stab: Sleeping          |    15 |    14 |    28 |     8 ||    65
         Invisible         |       |       |     6 |     8 ||    14
         Distracted        |       |       |       |     1 ||     1
 Armour: Robe              |    69 |    74 |   212 |   134 ||   489
  Dodge: Dodged            |    41 |    52 |   128 |   102 ||   323
